 Dungeon Crawl Stone Soup version 0.30-a0-540-g0af01429fa (webtiles) character file.

Game seed: 14634448972609748130

88 PyroL the Grave Robber (level 4, -1/30 HPs)
             Began as a Demonspawn Necromancer on Dec 25, 2022.
             Slain by Natasha (8 damage)
             ... on level 2 of the Dungeon.
             The game lasted 00:04:05 (1281 turns).

PyroL the Grave Robber (Demonspawn Necromancer)     Turns: 1281, Time: 00:04:05

Health: -1/30      AC:  4    Str:  8    XL:     4   Next: 29%
Magic:  3/9        EV: 12    Int: 18    God:
Gold:   80         SH:  0    Dex: 14    Spells: 8/9 levels left

rFire   . . .      SeeInvis .    k - +2 dagger (venom)
rCold   . . .      Faith    .    (no shield)
rNeg    . . .      Spirit   .    a - +0 robe
rPois   .          Reflect  .    (no helmet)
rElec   .          Harm     .    o - +0 cloak
rCorr   .          Rampage  .    d - +0 pair of gloves
Will    .....                    (no boots)
Stlth   ++                       (no amulet)
HPRegen 0.25/turn                (no ring)
MPRegen 0.11/turn                (no ring)

@: slowed, very slow
A: hooves 1
a: no special abilities


You were on level 2 of the Dungeon.
You visited 1 branch of the dungeon, and saw 2 of its levels.

You collected 80 gold pieces.

Inventory:

Hand Weapons
 k - a +2 dagger of venom (weapon)
Armour
 a - a +0 robe (worn)
 d - a +0 pair of gloves (worn)
 o - a +0 cloak (worn)
Scrolls
 c - a scroll of noise
 e - a scroll of amnesia {unknown}
 f - a scroll of immolation {unknown}
 j - a scroll of teleportation {unknown}
 p - a scroll of identify {unknown}
Potions
 b - a potion of magic
 g - 2 potions of mutation {unknown}
 h - 2 potions of curing {unknown}
 i - 2 potions of flight {unknown}
 l - a potion of haste {unknown}
 m - a potion of heal wounds {unknown}
 n - a potion of degeneration {unknown}
 q - a potion of brilliance {unknown}


   Skills:
 - Level 1.7 Dodging
 - Level 1.7 Stealth
 + Level 3.3 Spellcasting
 + Level 5.4 Necromancy


You had 8 spell levels left.
You knew the following spells:

 Your Spells              Type           Power      Damage    Failure   Level
a - Necrotise             Necr           88%        1d8       1%          1

Your spell library contained the following spells:

 Spells                   Type           Power      Damage    Failure   Level
 Vampiric Draining        Necr           22%        2d7       4%          3
 Animate Dead             Necr           22%        N/A       17%         4
 Gell's Gravitas          Tloc           3%         N/A       43%         3
 Teleport Other           Tloc           3%         N/A       43%         3
 Agony                    Necr           22%        N/A       43%         5
 Dispersal                Tloc           1%         N/A       100%        6


Dungeon Overview and Level Annotations

Branches:
Dungeon (2/15)

Altars:

Annotations:
D:2 Natasha


Innate Abilities, Weirdness & Mutations

You have large cloven feet.


Message History

You feel yourself slow down.
The goblin hits you with a +1 dagger of holy wrath.
You convulse.
* * * LOW HITPOINT WARNING * * *
You are too injured to fight recklessly!
Unknown command.
You hit the goblin.
The goblin is poisoned.
The goblin is moderately wounded.
Your rat skeleton barely misses the goblin.
The goblin hits you with a +1 dagger of holy wrath.
* * * LOW HITPOINT WARNING * * *
You convulse.
* * * LOW HITPOINT WARNING * * *
Your rat skeleton closely misses the goblin.
Unknown command.
You hit the goblin.
You kill the goblin!
The ball python bites you but does no damage.
The ball python completely misses you.
Your rat skeleton misses the ball python.
You hit the ball python but do no damage.
The ball python is poisoned.
You kick the ball python.
The ball python is heavily wounded.
You kill the ball python!
You hit Natasha. You kick Natasha, but do no damage.
Natasha is lightly wounded.
Natasha closely misses you.
Your rat skeleton misses Natasha.
Natasha claws you.
* * * LOW HITPOINT WARNING * * *
Natasha attacks as you move away! Natasha claws you but does no damage.
Natasha claws your rat skeleton.
Your rat skeleton barely misses Natasha.
Your rat skeleton closely misses Natasha. x2
Casting: Necrotise (safe; 1% risk of failure)
Confirm with . or Enter, or press ? or * to list all spells.
Aiming: Necrotise (safe; 1% risk of failure)
Press: ? - help, Shift-Dir - straight line, f - Natasha
Aim: Natasha (lightly wounded, ally target, chance to affect: 81%) Natasha writhes in agony.
Natasha claws you!
You die...

.## ####..### ... #........
... ... .......## .( ..=..
........# #.# .....
........######.######.....
............#...@.#.......
................h..)......
.................Z........
....................#..$..
....................# ...#
#.......)...........# #.#
#####...............####.#
##.......................#
...###................######..


You could see Natasha (ally target) and a friendly rat skeleton.

Vanquished Creatures
  Robin (D:2)
  2 adders
  2 worms
  A dart slug (D:1)
  4 endoplasms
  A giant cockroach (D:1)
  10 goblins
  5 hobgoblins
  3 quokkas
  2 ball pythons
  2 bats
  2 kobolds
  8 rats
43 creatures vanquished.

Vanquished Creatures (collateral kills)
  2 bats (D:2)
  An endoplasm (D:2)
  2 goblins
  A hobgoblin (D:1)
6 creatures vanquished.

Grand Total: 49 creatures vanquished

Notes
Turn   | Place    | Note
-------+----------+-------------------------------------------
     0 | D:1      | PyroL the Demonspawn Necromancer began the quest for the
                  | Orb.
     0 | D:1      | Reached XP level 1. HP: 13/13 MP: 3/3
   194 | D:1      | Gained mutation: You have large cloven feet. [demonic
                  | ancestry]
   194 | D:1      | Reached XP level 2. HP: 15/19 MP: 0/5
   811 | D:1      | Reached skill level 5 in Necromancy
   811 | D:1      | Reached XP level 3. HP: 15/24 MP: 2/7
   930 | D:2      | Noticed Robin
  1036 | D:2      | Killed Robin
  1130 | D:2      | Reached XP level 4. HP: 23/30 MP: 4/8
  1272 | D:2      | Noticed Natasha
  1281 | D:2      | Slain by Natasha

Illustrated notes

Levels and vault maps discovered:
D:1:      roderic_crop_circles_arrival_small, layout_rooms
D:2:      layout_rooms, uniq_natasha, uniq_jessica, uniq_robin

Skill      XL: |  1  2  3 |
---------------+----------+-----
Necromancy     | 5 |  5.4
Spellcasting   | 3 |  3.3
Dodging        | |  1.7
Stealth        | |  1.7

Action                   |  1- 3 |  4- 6 || total
-------------------------+-------+-------++-------
Melee: Unarmed           |    15 |       ||    15
       Dagger            |    39 |    12 ||    51
       Kick              |    17 |     4 ||    21
       Punch             |     1 |       ||     1
 Cast: Necrotise         |    48 |    11 ||    59
  Use: Scroll            |       |     1 ||     1
Armor: Robe              |    23 |     3 ||    26
Dodge: Dodged            |    48 |    10 ||    58

Table legend: (Time is in decaauts)
 A = Elapsed time spent in this place.
 B = Non-inter-level travel time spent in this place.
 C = Inter-level travel time spent in this place.
 D = Time resting spent in this place.
 E = Time spent auto-exploring this place.
 F = Levels seen in this place.
 G = Mean time per level.
                   A        B        C        D        E       F      G
               +--------+--------+--------+--------+--------+-----+--------+
         Total |   1286 |   1232 |     54 |    122 |    712 |   2 |  643.0 |
       Dungeon |   1286 |   1232 |     54 |    122 |    712 |   2 |  643.0 |
               +--------+--------+--------+--------+--------+-----+--------+

Top non-repeatable levels by time:
     D:1: 1061 daAuts
     D:2: 224 daAuts
